 Dungeon Crawl Stone Soup version 0.22.1-2-g9c5b331383 (webtiles) character file.

3489203 1492 the Slayer (level 27, 133/133 HPs)
             Began as a Gargoyle Monk on Nov 21, 2018.
             Was a High Priest of the Shining One.
             Escaped with the Orb
             ... and 5 runes!
             The game lasted 04:23:55 (61082 turns).

1492 the Slayer (Gargoyle Monk)                    Turns: 61082, Time: 04:23:55

Health: 133/133    AC: 48    Str: 25      XL:     27
Magic:  28/33      EV:  8    Int: 13      God:    the Shining One [*****.]
Gold:   533        SH: 29    Dex:  9 (10) Spells: 32/36 levels left

rFire    + + .     SeeInvis .   w - +9 sacred scourge (holy)
rCold    + . .     Gourm    .   h - +6 large shield of the Neverending Suns {Regen+ Str+2}
rNeg     + + +     Faith    .   O - +2 crystal plate armour
rPois    ∞         Spirit   .   t - +1 hat {MR+}
rElec    +         Reflect  .   n - scarf {rC+ rF+}
rCorr    .         Harm     .   X - +2 pair of gloves
MR       ++++.     Rnd*Rage +   B - +0 pair of boots Stlth ..........Rnd*Tele +
                                A - amulet "Iphomil" {+Rage rPois Str+3}
HPRegen  0.72/turn              f - ring of protection from fire
MPRegen  0.23/turn              m - ring of protection from magic

@: flying, glowing
A: big wings, berserk 1, blurry vision 2, clumsy 1, deformed body, deterioration
2, dopey 1, frail 3, low mp 1, negative energy resistance 1, screaming 1,
electricity resistance, teleportitis 1, weak 2, unbreathing, evolution 1,
petrification resistance, no potion heal 1, rot immunity, sturdy frame 1, AC +20
0: Orb of Zot
}: 5/15 runes: demonic, glowing, magical, fiery, dark
a: Stop Flying, Divine Shield, Cleansing Flame, Summon Divine Warrior, Renounce
Religion, Evoke Berserk Rage


You escaped.
You worshipped the Shining One.
The Shining One was extremely pleased with you.
You were full.

You visited 3 branches of the dungeon, and saw 25 of its levels.
You visited Pandemonium 1 time, and saw 20 of its levels.
You visited 1 bazaar.
You also visited: Labyrinth and Bailey.

You collected 4498 gold pieces.
You spent 3965 gold pieces at shops.

Inventory:

Hand Weapons
 a - the +8 morningstar "Edigom" {antimagic, rC+ Dex+3}
   (You took it off a yaktaur captain on level 4 of the Depths)

   It reduces the magical energy of the wielder, and disrupts the spells and
   magical abilities of those hit.
   Natural abilities and divine invocations are not affected.
   It affects your dexterity (+3).
   It protects you from cold.
 w - a +9 sacred scourge of holy wrath (weapon)
 T - a +6 eveningstar of freezing
Missiles
 s - 12 throwing nets (quivered) {!f}
Armour
 h - the +6 large shield of the Neverending Suns (worn) {Regen+ Str+2}
   (You acquired it in Pandemonium)

   It affects your strength (+2).
   It increases your rate of regeneration.
 n - a scarf of resistance (worn)
 t - a +1 hat of magic resistance (worn)
 B - a +0 pair of boots (worn)
 O - a +2 crystal plate armour (worn)
 X - a +2 pair of gloves (worn)
Jewellery
 d - the ring of Pragmatism {rC- MR+ EV+6 Dex+3}
   (You found it on level 3 of the Realm of Zot)

   [ring of evasion]

   It affects your evasion (+6).
   It affects your dexterity (+3).
   It makes you vulnerable to cold.
   It affects your resistance to hostile enchantments.
 f - a ring of protection from fire (left hand)
 m - a ring of protection from magic (right hand)
 z - an uncursed ring of ice
 A - the amulet "Iphomil" (around neck) {+Rage rPois Str+3}
   (You found it on level 13 of the Dungeon)

   [amulet of rage]

   It affects your strength (+3).
   It protects you from poison.
   It lets you go berserk.
 F - an uncursed ring of protection from fire
 M - an uncursed ring of protection from magic
 W - an uncursed ring of resist corrosion
Wands
 y - a wand of scattershot (11)
 C - a wand of acid (12)
 E - a wand of enslavement (19)
 I - a wand of iceblast (30)
 P - a wand of paralysis (39)
 V - a wand of digging (8)
Scrolls
 b - 5 scrolls of identify {@r1}
 e - 4 scrolls of fear
 i - 5 scrolls of fog
 k - 5 scrolls of blinking
 l - a scroll of summoning {!r}
 q - a scroll of enchant armour
 r - 10 scrolls of remove curse {@r2}
 G - 2 scrolls of magic mapping
 Q - 10 scrolls of teleportation {!d}
 Y - 3 scrolls of vulnerability {!r}
 Z - 6 scrolls of immolation {!r}
Potions
 j - a potion of resistance {!q}
 u - 6 potions of curing {@q1}
 v - a potion of ambrosia
 x - 3 potions of cancellation {!q}
 D - a potion of might
 J - 3 potions of berserk rage
 L - 7 potions of brilliance
 N - 3 potions of agility
 R - a potion of magic {!q}
Miscellaneous
 c - 4 boxes of beasts
 g - a fan of gales (inert)
 p - 4 phantom mirrors
 K - 4 sacks of spiders
 U - a lamp of fire
Comestibles
 S - 27 rations {!d}


   Skills:
 - Level 24.0 Fighting
 - Level 16.0 Maces & Flails
 - Level 18.6 Armour
 - Level 6.9 Dodging
 - Level 2.1 Stealth
 - Level 20.0 Shields
 - Level 5.0 Spellcasting
 - Level 10.0 Translocations
 - Level 4.3 Transmutations
 - Level 9.0 Earth Magic
 - Level 21.0 Invocations
 + Level 18.7 Evocations


You had 32 spell levels left.
You knew the following spells:

 Your Spells              Type           Power        Failure   Level  Hunger
p - Apportation           Tloc           ####..       6%          1    None
w - Passwall              Tmut/Erth      ###.....     36%         2    ##.....
B - Summon Butterflies    Summ           #.......     98%         1    None

Your spell library contained the following spells:

 Spells                   Type           Power        Failure   Level  Hunger
 Gell's Gravitas          Tloc           ####......   19%         3    ###....
 Lesser Beckoning         Tloc           ####......   19%         3    ###....
 Portal Projectile        Hex/Tloc       ###...       83%         3    ###....
 Petrify                  Tmut/Erth      ###.....     94%         4    ####...
 Lee's Rapid Deconstruct  Erth           ####......   95%         5    ######.
 Animate Skeleton         Necr           N/A          98%         1    None
 Confusing Touch          Hex            #.....       98%         1    None
 Corona                   Hex            #......      98%         1    None
 Flame Tongue             Conj/Fire      #....        98%         1    None
 Freeze                   Ice            #...         98%         1    None
 Pain                     Necr           #...         98%         1    None
 Shock                    Conj/Air       #...         98%         1    None
 Sting                    Conj/Pois      #...         98%         1    None
 Summon Small Mammal      Summ           #...         98%         1    None
 Call Imp                 Summ           #.......     99%         2    ##.....
 Ensorcelled Hibernation  Hex/Ice        #.....       99%         2    ##.....
 Poisonous Vapours        Pois/Air       #.....       99%         2    ##.....
 Slow                     Hex            #.......     99%         2    ##.....
 Swiftness                Chrm/Air       #.......     99%         2    ##.....
 Throw Flame              Conj/Fire      #.....       99%         2    ##.....
 Throw Frost              Conj/Ice       #.....       99%         2    ##.....
 Spider Form              Tmut/Pois      #.........   99%         3    ###....
 Leda's Liquefaction      Hex/Erth       ###.......   99%         4    ####...
 Call Canine Familiar     Summ           #.......     100%        3    ###....
 Confuse                  Hex            #.......     100%        3    ###....
 Dazzling Spray           Conj/Hex       #.....       100%        3    ###....
 Inner Flame              Hex/Fire       #.......     100%        3    ###....
 Mephitic Cloud           Conj/Pois/Air  #.......     100%        3    ###....
 Ozocubu's Armour         Chrm/Ice       #.......     100%        3    ###....
 Regeneration             Chrm/Necr      #.........   100%        3    ###....
 Summon Guardian Golem    Hex/Summ       #.......     100%        3    ###....
 Tukima's Dance           Hex            #.......     100%        3    ###....
 Vampiric Draining        Necr           #.........   100%        3    ###....
 Animate Dead             Necr           N/A          100%        4    ####...
 Cause Fear               Hex            #.........   100%        4    ####...
 Fulminant Prism          Conj/Hex       #.........   100%        4    ####...
 Ice Form                 Ice/Tmut       #.......     100%        4    ####...
 Olgreb's Toxic Radiance  Pois           #.......     100%        4    ####...
 Sticky Flame             Conj/Fire      #.......     100%        4    ####...
 Summon Ice Beast         Ice/Summ       #.......     100%        4    ####...
 Summon Lightning Spire   Summ/Air       #.......     100%        4    ####...
 Throw Icicle             Conj/Ice       #.......     100%        4    ####...
 Alistair's Intoxication  Tmut/Pois      #.......     100%        5    ######.
 Bolt of Magma            Conj/Fire/Erth ##........   100%        5    ######.
 Borgnjor's Vile Clutch   Necr/Erth      ###.......   100%        5    ######.
 Iskenderun's Battlesphe  Conj/Chrm      #.......     100%        5    ######.
 Metabolic Englaciation   Hex/Ice        #.........   100%        5    ######.
 Silence                  Hex/Air        #.........   100%        5    ######.
 Venom Bolt               Conj/Pois      #.........   100%        5    ######.
 Yara's Violent Unravell  Hex/Tmut       #.........   100%        5    ######.
 Bolt of Cold             Conj/Ice       #.........   100%        6    #######
 Bolt of Fire             Conj/Fire      #.........   100%        6    #######
 Conjure Ball Lightning   Conj/Air       #.........   100%        6    #######
 Darkness                 Hex            #.........   100%        6    #######
 Deflect Missiles         Chrm/Air       #.........   100%        6    #######
 Freezing Cloud           Conj/Ice/Air   #.........   100%        6    #######
 Invisibility             Hex            #.......     100%        6    #######
 Iron Shot                Conj/Erth      ###.......   100%        6    #######
 Ozocubu's Refrigeration  Ice            #.........   100%        6    #######
 Simulacrum               Ice/Necr       #.........   100%        6    #######
 Dragon Form              Tmut           ##........   100%        7    #######
 Orb of Destruction       Conj           #.........   100%        7    #######
 Spellforged Servitor     Conj/Summ      #.........   100%        7    #######
 Discord                  Hex            #.........   100%        8    #######
 Dragon's Call            Summ           #.........   100%        9    #######
 Shatter                  Erth           ####......   100%        9    #######
 Tornado                  Air            #.........   100%        9    #######
 Passage of Golubria      Tloc           Unusable     N/A         4    N/A
 Statue Form              Tmut/Erth      Unusable     N/A         6    N/A

Dungeon Overview and Level Annotations

Branches:
Dungeon (15/15)            Temple (0/1) D:6            Lair (0/6) D:9
    Orc (0/2) D:9          Vaults (0/5) D:13         Depths (5/5) D:15
    Zot (5/5) Depths:5

Altars:
Dithmenos
Sif Muna
Trog
Vehumet
Xom
Yredelemnul
The Shining One

Shops:
D:4 *   D:9 }   D:11 }   Depths:1 [   Depths:2 =}}

Portals:
Hell: Depths:1 Depths:2 Depths:3 Depths:4 Depths:5
Abyss: Depths:4
Pandemonium: Depths:3 Depths:4
Ziggurat: Depths:3
Trove: D:11 (give 9 potions of agility)

Annotations:
D:6 1 runed door
D:9 flying vault, gastronok
D:10 hatch
D:11 , vault 9 agi


Innate Abilities, Weirdness & Mutations

You are resistant to torment.
Your stone body is resilient. (AC +20)
You are immune to poison.
Your large and strong wings let you fly indefinitely.
You resist negative energy. (rN+)
You are resistant to electric shocks. (rElec)
You can survive without breathing.
You are immune to petrification.
You are immune to rotting.
You tend to lose your temper in combat.
Scrolls take you longer to read.
You are clumsy. (Dex -2)
Armour fits poorly on your strangely shaped body.
Your body often deteriorates upon taking damage.
You are dopey. (Int -2)
You are extremely frail. (-30% HP)
Your magical capacity is low. (-10% MP)
You occasionally shout uncontrollably at your foes.
You are occasionally teleported next to monsters.
You are very weak. (Str -4)
You evolve.
Potions are less effective at restoring your health.
Your movements are slightly less encumbered by armour. (ER -2)


Message History

You fly upwards.
Level annotation: 1 runed door
There is a stone staircase leading down here.
Unknown command.
A monstrous demonspawn comes into view.
Unknown command.
There is an escape hatch in the ceiling here.
A mysterious force pulls you upwards. The hatch slams shut behind you.
A toenail golem comes into view.
Unknown command.
The toenail golem hits you but does no damage.
Your magical contamination has completely faded away.
A red film seems to cover your vision as you go berserk!
You feel yourself moving faster!
You feel mighty!
You thrash the toenail golem!!
The toenail golem is moderately damaged.
You devastate the toenail golem!!!
You destroy the toenail golem!
Unknown command.
You feel a strong urge to attack something.
You feel your anger nearly subside.
You are no longer berserk.
You are exhausted.
You feel yourself slow down.
Huge Dmg: -50%(-66hp) hp: 100%(133hp) Unknown command.
An Orb Guardian comes into view.
The Orb Guardian hits you but does no damage.
You block the Orb Guardian's attack.
There is a stone staircase leading up here.
Unknown command.
You barely miss the Orb Guardian. The Orb Guardian hits you!!
Your body deteriorates!
You feel clumsy.
Damage: -15%(-20hp) hp: 85%(113hp) Unknown command.
You hit the Orb Guardian but do no damage.
The Orb Guardian hits you!
Damage: -9%(-13hp) hp: 76%(100hp)
You thrash the Orb Guardian!!
The Orb Guardian is heavily wounded.
You block the Orb Guardian's attack. x2
Unknown command.
You thrash the Orb Guardian!!
The Orb Guardian is severely wounded.
You block the Orb Guardian's attack.
Unknown command.
You whack the Orb Guardian!
The Orb Guardian is severely wounded.
The Orb Guardian hits you!
Damage: -6%(-8hp) hp: 70%(93hp) Unknown command.
You hit the Orb Guardian.
The Orb Guardian is almost dead.
You block the Orb Guardian's attack.
You whack the Orb Guardian!
You kill the Orb Guardian!
No target in view!
You are confused.
Your system partially rejects the healing.
You feel invigorated.
You start resting.
You feel less invigorated.
You feel less confused.
Unknown command.
You start resting.
A quasit comes into view.
Unknown command.
You fly upwards.
There is a stone staircase leading down here.
Unknown command.
You start resting.
You feel yourself speed up.
There is an open door here.
You recover from your berserk rage.
There is a stone staircase leading up here.
You fly upwards.
There is a stone staircase leading down, spattered with blood here.
Unknown command.
Casting: Passwall (safe; 36% risk of failure)
Confirm with . or Enter, or press ? or * to list all spells.
Aiming: Passwall (safe; 36% risk of failure)
Press: ? - help, Dir - move target cursor A rock wall.
This square is lit by a halo and is covered in magical glow.
You begin to meditate on the wall.
You continue meditating on the rock. x2
You finish merging with the rock.
You fly upwards.
There is a stone staircase leading down here.
Unknown command.
There is a stone staircase leading up here.
You fly upwards.
There is a stone staircase leading down here.
Unknown command.
Okay, then.
You are momentarily dazzled by a brilliant light.
You feel somewhat less full.
You swap places.
There is a staircase leading out of the dungeon here.
You have escaped!

#.####......###...###....####....
#.####.....##.#...#.##...#.).....
#..........###.....###.....######
............##.....##.........# #
.####..................[.####.#
.# #...........#........# #.# .#
###.#......###......#####.# .#
##.......#A..#.........#.# .#
#........#.@.#......##.#.# .##
#...###.........###..#.#.#
..####..#..#..#...#..#..#.#.#.#
...........#..#...#..#....#.#.#
..####.....#..##.##..#....#.#.#
........#.#....#.#....#.#.#.#.#
..####..........#.........#.#.#
..# #.######......#.##.###.#.###
..# ##.............#.##.# #.#....


You could see a friendly daeva.

Vanquished Creatures
  Cerebov (Pan)
  Gloorx Vloq (Pan)
  Lom Lobon (Pan)
  Mnoleg (Pan)
  7 orbs of fire (Zot:5)
  2 ancient liches (Zot:5)
  5 juggernauts
  5 pandemonium lords
  A Killer Klown (Zot:5)
  3 caustic shrikes
  2 curse toes (Zot:5)
  5 golden dragons
  10 Tzitzimimeh (Pan)
  A bone dragon (Depths:5)
  3 electric golems
  3 Brimstone Fiends (Pan)
  19 tentacled monstrosities
  An Ice Fiend (Pan)
  2 Hell Sentinels (Pan)
  13 Orb Guardians
  A titan (Depths:3)
  A lich (Depths:5)
  8 quicksilver dragons
  3 sphinxes (Depths:4)
  Gastronok (D:9)
  23 Executioners (Pan)
  6 shadow dragons
  9 death cobs
  4 draconian monks
  16 storm dragons
  A daeva (Pan)
  7 fire giants
  2 ghost moths
  2 draconian scorchers (Zot:4)
  2 draconian knights (Zot:1)
  7 frost giants
  2 warmongers (Pan)
  18 cacodemons
  5 iron dragons
  28 balrugs (Pan)
  A caustic shrike zombie (Depths:3)
  5 draconian annihilators
  4 reapers (Pan)
  2 draconian stormcallers
  8 draconian shifters
  3 spriggan defenders
  41 very ugly things
  6 corrupters (Pan)
  2 blood saints (Pan)
  3 vampire knights
  3 stone giants
  7 purple draconians
  12 green draconians
  6 black draconians
  5 black suns (Pan)
  A minotaur (Lab)
  2 deep elf annihilators
  6 red draconians
  8 lorocyprocas (Pan)
  5 yellow draconians
  The ghost of greentea the Severer, a journeyman MiBe of Trog (D:11)
  7 spark wasps
  12 blizzard demons
  8 green deaths (Pan)
  6 ettins
  5 white draconians
  4 yaktaur captains
  2 mummy priests (Depths:2)
  A merfolk javelineer (Depths:2)
  2 merfolk impalers
  5 rakshasas (Pan)
  12 fire dragons
  2 ogre magi
  5 great orbs of eyes
  A hydra (D:14)
  7 ice dragons
  A juggernaut simulacrum (Pan)
  2 hell beasts (Pan)
  4 monstrous demonspawn (Pan)
  The ghost of Tutankhamun the Grappler, a novice TrMo of Cheibriados (D:7)
  5 centaur warriors
  6 two-headed ogres
  4 tengu warriors
  8 deep troll shamans
  3 deep troll earth magi
  A vampire mage (Depths:5)
  2 spriggans (Depths:4)
  21 soul eaters
  2 spriggan berserkers
  Sonja (D:10)
  A hell knight (Depths:3)
  A skeletal warrior (D:13)
  37 sun demons
  4 shadow wraiths (Pan)
  29 sixfirhies
  9 iron trolls
  3 flayed ghosts
  5 infernal demonspawn (Pan)
  13 gelid demonspawn (Pan)
  39 large abominations (Pan)
  13 shadow demons (Pan)
  12 torturous demonspawn (Pan)
  2 salamander mystics
  A sea snake (shapeshifter) (Depths:4)
  16 deep trolls
  A golden dragon skeleton (Pan)
  A lindwurm (shapeshifter) (Depths:2)
  A deep elf archer (D:13)
  2 wizards
  Pikel (D:8)
  A necromancer (Depths:3)
  5 deep elf magi
  6 cyclopes
  40 ugly things
  A shadow dragon skeleton (Pan)
  10 salamanders
  3 manticores
  A moth of wrath (shapeshifter) (Depths:4)
  A fire giant zombie (Depths:3)
  A toenail golem (D:5)
  Joseph (D:9)
  3 gargoyles
  24 moths of wrath
  Psyche (D:12)
  21 orange demons (Pan)
  A spriggan zombie (Depths:3)
  42 smoke demons
  2 rust devils
  An eye of devastation (shapeshifter) (Depths:4)
  5 spectral swamp worms
  16 yaktaurs
  7 hellions
  7 efreet
  9 ice devils
  3 tormentors (Pan)
  32 demonic crawlers (Pan)
  A guardian mummy (Depths:2)
  3 tengu conjurers
  17 hellwings (Pan)
  26 red devils (Pan)
  4 trolls
  5 hornets
  4 meliai
  2 hippogriffs
  9 slime creatures
  2 meliai zombies (D:13)
  4 water elementals
  8 yaks
  4 wraiths
  A fire dragon skeleton (Pan)
  27 ynoxinuls
  2 hogs (D:15)
  Eustachio (D:5)
  5 golden eyes (Pan)
  2 basilisks
  A black mamba skeleton (Pan)
  2 vampire mosquitoes (D:13)
  18 chaos spawn
  18 neqoxecs
  A warg (D:9)
  A soldier ant (D:10)
  2 floating eyes
  An acid dragon (D:9)
  2 slaves (D:7)
  25 orc warriors
  5 porcupines (D:9)
  An eye of draining (Pan)
  3 sky beasts
  6 ice beasts
  5 black bears
  A necrophage (D:7)
  9 boggarts
  3 phantoms
  2 wolves (D:9)
  6 ogres
  15 centaurs
  6 crocodiles
  6 big kobolds
  7 bullfrogs
  3 gnoll sergeants (D:9)
  4 wyvern skeletons
  A small abomination (Zot:4)
  12 scorpions
  A water moccasin skeleton (D:4)
  4 wights (D:9)
  6 howler monkeys
  4 electric eels (D:9)
  13 crimson imps
  6 centaur zombies
  3 bullfrog zombies
  5 centaur skeletons
  10 hounds
  6 orc priests
  2 gnoll shamans (D:9)
  2 bullfrog skeletons (D:13)
  5 jellies
  21 orc wizards
  3 iguanas
  15 worker ants
  2 killer bee zombies
  A naga skeleton (Pan)
  An ogre skeleton (Pan)
  A hound zombie (D:9)
  4 hound skeletons
  A mummy (Depths:2)
  4 worker ant zombies
  28 gnolls (D:9)
  A howler monkey skeleton (D:10)
  13 adders
  4 shadow imps
  2 oozes
  2 adder skeletons
  An adder zombie (D:8)
  2 worms
  2 dart slugs
  A leopard gecko (D:5)
  80 orcs
  A ball python (D:4)
  8 bats
  7 giant cockroaches
  5 hobgoblins
  9 jackals
  41 kobolds
  5 quokkas
  2 frilled lizards
  10 goblins
  2 quokka zombies
  12 rats
  4 fire vortices (Pan)
  A fungus (D:6)
  8 plants
1602 creatures vanquished.

Vanquished Creatures (collateral kills)
  6 pandemonium lords (Pan)
  2 orbs of fire (Zot:5)
  Mennas (Pan)
  An ancient lich (Zot:5)
  2 greater mummies (Depths:2)
  A caustic shrike (Depths:3)
  2 Killer Klowns (Zot:5)
  5 Tzitzimimeh (Pan)
  2 tentacled monstrosities
  3 Hell Sentinels (Pan)
  15 Orb Guardians (Zot:5)
  A lich (Pan)
  An Ice Fiend (Pan)
  A death cob (Zot:4)
  3 Executioners (Pan)
  Kirke (D:15)
  3 sphinxes
  A shadow dragon (Depths:4)
  A storm dragon (Zot:3)
  3 corrupters (Pan)
  5 warmongers (Pan)
  24 cacodemons (Pan)
  6 balrugs (Pan)
  A draconian shifter (Zot:5)
  2 curse skulls (Pan)
  7 very ugly things
  2 draconian annihilators
  2 reapers (Pan)
  6 blood saints (Pan)
  A spark wasp (Depths:4)
  A vampire knight (Depths:4)
  3 black draconians (Zot:5)
  2 yellow draconians
  A white draconian (Zot:5)
  A purple draconian (Zot:5)
  4 blizzard demons (Pan)
  2 mummy priests (Depths:2)
  6 green deaths (Pan)
  Erolcha (D:12)
  A hydra (D:12)
  8 monstrous demonspawn (Pan)
  3 rakshasas
  A two-headed ogre (D:12)
  A juggernaut simulacrum (Pan)
  2 centaur warriors (Depths:1)
  11 sun demons (Pan)
  8 soul eaters (Pan)
  15 sixfirhies (Pan)
  4 shadow demons (Pan)
  5 infernal demonspawn (Pan)
  A cherub (Pan)
  A gelid demonspawn (Pan)
  10 torturous demonspawn (Pan)
  4 wizards (Pan)
  3 glowing orange brains (Pan)
  7 ugly things
  A shining eye (Pan)
  15 orange demons (Pan)
  15 smoke demons (Pan)
  3 hellions (Pan)
  2 tormentors (Pan)
  An efreet (Pan)
  6 hellwings (Pan)
  A yaktaur (Depths:4)
  6 demonic crawlers (Pan)
  A guardian mummy (Depths:2)
  9 red devils (Pan)
  A slime creature (Depths:2)
  A shadow (D:12)
  A water elemental (Depths:1)
  11 ynoxinuls (Pan)
  13 large abominations (Pan)
  2 hogs (D:15)
  14 neqoxecs (Pan)
  3 golden eyes (Pan)
  11 chaos spawn (Pan)
  An acid dragon (D:15)
  A monstrous demonspawn skeleton (Pan)
  2 orc warriors
  A black bear (D:12)
  2 boggarts (Depths:1)
  3 crimson imps (Pan)
  A bullfrog zombie (D:12)
  An orc priest (D:15)
  A mummy (Depths:2)
  3 orcs
350 creatures vanquished.

Vanquished Creatures (others)
  2 eldritch tentacles (Pan)
  3 death cobs
  A blood saint (Pan)
  A white draconian (Zot:5)
  A blizzard demon (Pan)
  A rakshasa (Pan)
  A sixfirhy (Pan)
  A glowing orange brain (Pan)
  A smoke demon (Pan)
  A hellwing (Pan)
  A red devil (Pan)
  A neqoxec (Pan)
  A golden eye (Pan)
  3 humans (D:15)
  A chaos spawn (Pan)
  A slave (D:8)
  A small abomination (Zot:5)
  An adder skeleton (D:6)
  6 ball lightnings (Pan)
  2 kobolds
  5 fungi (D:9)
  59 plants
95 creatures vanquished.

Grand Total: 2047 creatures vanquished

Notes
Turn   | Place    | Note
-------+----------+-------------------------------------------
     0 | D:1      | 1492 the Gargoyle Monk began the quest for the Orb.
     0 | D:1      | Reached XP level 1. HP: 14/14 MP: 1/1
   339 | D:1      | Reached XP level 2. HP: 15/19 MP: 2/2
   912 | D:2      | Reached XP level 3. HP: 16/24 MP: 3/3
  1726 | D:2      | Reached skill level 4 in Fighting
  1726 | D:2      | Reached XP level 4. HP: 25/29 MP: 4/4
  2539 | D:3      | Reached skill level 5 in Maces & Flails
  2539 | D:3      | Reached XP level 5. HP: 34/34 MP: 5/5
  3485 | D:4      | Found a shadowy altar of Dithmenos.
  3525 | D:4      | Reached XP level 6. HP: 31/40 MP: 6/6
  3529 | D:4      | Reached skill level 5 in Fighting
  3570 | D:4      | Found a glowing golden altar of the Shining One.
  3617 | D:4      | Became a worshipper of the Shining One
  3617 | D:4      | Reached * piety under the Shining One
  3617 | D:4      | Reached ** piety under the Shining One
  3687 | D:4      | Reached skill level 1 in Invocations
  3889 | D:3      | HP: 11/40 [iguana (9)]
  3890 | D:3      | Reached skill level 1 in Armour
  4090 | D:4      | Found Yraogatu's General Store.
  4091 | D:4      | Noticed a phantom
  4163 | D:4      | Killed a phantom
  4163 | D:4      | Reached XP level 7. HP: 35/44 MP: 7/7
  4298 | D:4      | Bought a scroll of fog for 22 gold pieces
  4320 | D:4      | Learned a level 1 spell: Apportation
  4684 | D:5      | Entered Level 5 of the Dungeon
  4697 | D:5      | Reached XP level 8. HP: 51/51 MP: 9/9
  4700 | D:5      | Found a deep blue altar of Sif Muna.
  5240 | D:5      | Reached skill level 1 in Evocations
  5546 | D:6      | Noticed Eustachio
  5577 | D:5      | Killed Eustachio
  5919 | D:6      | Reached skill level 5 in Evocations
  5958 | D:6      | Reached skill level 6 in Fighting
  6081 | D:6      | Reached XP level 9. HP: 25/55 MP: 12/12
  6331 | D:6      | Got a brightly glowing mace {!w}
  6332 | D:6      | Found a runed door.
  6345 | D:6      | Identified the +8 mace of Gerytup {vamp, rN+, !w} (You
                  | found it on level 6 of the Dungeon)
  6732 | D:6      | Noticed a moth of wrath
  6772 | D:6      | Found a bloodstained altar of Trog.
  6803 | D:6      | Reached *** piety under the Shining One
  7100 | D:6      | HP: 21/56 [orc warrior/dire flail (12)]
  7304 | D:6      | Found a shimmering altar of Xom.
  7340 | D:6      | Found a staircase to the Ecumenical Temple.
  7407 | D:6      | Reached skill level 7 in Fighting
  7833 | D:7      | Reached skill level 5 in Invocations
  8020 | D:7      | Noticed Tutankhamun's ghost (novice TrMo)
  8021 | D:7      | Noticed a meliai
  8026 | D:7      | Found a runed gate.
  8026 | D:7      | Found a runed gate.
  8026 | D:7      | Found a runed gate.
  8077 | D:7      | Reached XP level 10. HP: 63/63 MP: 12/14
  8339 | D:7      | Reached **** piety under the Shining One
  8560 | D:8      | Reached skill level 8 in Fighting
  8600 | D:8      | Reached skill level 10 in Maces & Flails
  8730 | D:8      | Found a flagged portal.
  8766 | Bailey   | Entered a bailey
  8843 | Bailey   | HP: 25/64 [orc warrior/bolt (9)]
  9185 | Bailey   | HP: 22/65 [orc warrior/bolt (15)]
 10344 | Bailey   | Found a roughly hewn altar of Beogh.
 10344 | Bailey   | Noticed an orc knight
 10350 | D:8      | HP: 22/65 [orc warrior/glaive (22)]
 10360 | D:8      | Noticed Pikel
 10664 | D:8      | Killed Pikel
 10757 | D:8      | Reached XP level 11. HP: 69/69 MP: 16/16
 11049 | D:9      | Found a glowing golden altar of the Shining One.
 11081 | D:9      | Reached skill level 9 in Fighting
 11206 | D:9      | Reached skill level 5 in Armour
 11284 | D:9      | Found a staircase to the Orcish Mines.
 11597 | D:9      | Found a radiant altar of Vehumet.
 11597 | D:9      | Found a basalt altar of Yredelemnul.
 11658 | D:9      | HP: 27/71 [acid dragon/splash of acid (11)]
 12173 | D:9      | Got a bronze ring mail
 12202 | D:9      | Reached ***** piety under the Shining One
 12355 | D:9      | Reached skill level 1 in Shields
 12485 | D:9      | Found a staircase to the Lair.
 12600 | D:9      | Found Qexaf's Gadget Boutique.
 12622 | D:9      | Bought a wand of paralysis (14) for 224 gold pieces
 12725 | D:9      | Noticed Gastronok
 12867 | D:9      | Noticed Joseph
 13000 | D:10     | Entered Level 10 of the Dungeon
 13037 | D:10     | Noticed Sonja
 13040 | D:10     | Killed Sonja
 13756 | D:11     | Noticed a manticore
 13761 | D:11     | Noticed a cyclops
 13855 | D:11     | HP: 24/72 [gargoyle/stone arrow (17)]
 14020 | D:11     | Noticed a cyclops
 14037 | D:11     | Killed a cyclops
 14100 | D:11     | Noticed a cyclops
 14103 | D:11     | Found a runed gate.
 14103 | D:11     | Found a runed gate.
 14105 | D:11     | Found a runed gate.
 14105 | D:11     | Noticed greentea's ghost (journeyman MiBe)
 14112 | D:11     | Noticed an ettin
 14260 | D:11     | Reached skill level 10 in Fighting
 14265 | D:11     | Reached XP level 12. HP: 77/77 MP: 18/18
 14570 | D:9      | Bought a wand of acid (10) for 392 gold pieces
 14639 | D:11     | Found a portal to a secret trove of treasure.
 14754 | D:11     | Paralysed by a kobold for 7 turns
 15198 | D:11     | Found Oshry's Gadget Shoppe.
 15621 | D:12     | Reached skill level 5 in Shields
 15678 | D:12     | Noticed Erolcha
 15686 | D:12     | Killed Erolcha
 15688 | D:12     | Noticed a two-headed ogre
 15699 | D:12     | Killed a two-headed ogre
 15800 | D:12     | Noticed a two-headed ogre
 15807 | D:12     | Killed a two-headed ogre
 15872 | D:12     | Noticed an eight-headed hydra
 15881 | D:12     | Killed an eight-headed hydra
 15934 | D:12     | Noticed Psyche
 15938 | D:12     | Killed Psyche
 15955 | D:12     | Identified the +1 ring mail of Cetab {Dex+3} (You took it
                  | off a kobold on level 9 of the Dungeon)
 16219 | D:11     | Bought a wand of enslavement (10) for 180 gold pieces
 16280 | D:13     | Reached skill level 11 in Fighting
 16395 | D:13     | Got a wavering steel amulet
 16404 | D:13     | Identified the amulet "Iphomil" {+Rage rPois Str+3} (You
                  | found it on level 13 of the Dungeon)
 16412 | D:13     | Noticed a tengu warrior
 16573 | D:13     | Reached skill level 10 in Invocations
 17005 | D:13     | Noticed a centaur warrior
 17022 | D:13     | Killed a centaur warrior
 17040 | D:13     | Reached XP level 13. HP: 84/84 MP: 20/20
 17700 | D:13     | Found a gate to the Vaults.
 17830 | D:14     | Found a labyrinth entrance.
 17844 | Lab      | Entered a labyrinth
 18755 | Lab      | Noticed a minotaur
 18772 | Lab      | Killed a minotaur
 19021 | D:14     | Reached skill level 12 in Fighting
 19439 | D:14     | Found a basalt altar of Yredelemnul.
 19683 | D:15     | Entered Level 15 of the Dungeon
 19805 | D:15     | Noticed Kirke
 19837 | D:15     | Killed Kirke
 19884 | D:15     | Gained mutation: Your large and strong wings let you fly
                  | indefinitely. [Gargoyle growth]
 19884 | D:15     | Reached XP level 14. HP: 76/92 MP: 16/22
 20214 | D:9      | Killed Joseph
 20470 | D:11     | Bought a wand of paralysis (5) for 105 gold pieces
 20815 | D:15     | Found a staircase to the Depths.
 21259 | Depths:1 | Entered Level 1 of the Depths
 21259 | Depths:1 | Found a gateway to Hell.
 21261 | Depths:1 | HP: 35/92 [deep troll earth mage/Lee's Rapid Deconstruction
                  | (22)]
 21497 | Depths:1 | HP: 33/92 [deep troll (8)]
 21512 | Depths:1 | Reached skill level 13 in Fighting
 21546 | Depths:1 | Identified the Handbook of Torrid Feathers
 21670 | Depths:1 | Found Guotaoc's Antique Armour Emporium.
 22578 | Depths:1 | Noticed a brown very ugly thing
 22604 | Depths:1 | Killed a brown very ugly thing
 22731 | Depths:1 | Noticed a brown very ugly thing
 22731 | Depths:1 | Noticed a brown very ugly thing
 22751 | Depths:1 | Killed a brown very ugly thing
 22751 | Depths:1 | Reached skill level 10 in Evocations
 22770 | Depths:1 | Noticed a fire giant
 22781 | Depths:1 | Killed a white very ugly thing
 22781 | Depths:1 | Reached skill level 10 in Shields
 22793 | Depths:1 | Killed a fire giant
 22886 | Depths:1 | Noticed a brown very ugly thing
 22891 | Depths:1 | Noticed a sphinx
 22910 | Depths:1 | Killed a brown very ugly thing
 22917 | Depths:1 | HP: 35/94 [sphinx/divine providence (12)]
 22921 | Depths:1 | Killed a sphinx
 22921 | Depths:1 | Reached XP level 15. HP: 38/99 MP: 18/24
 23001 | Depths:1 | Bought a shiny large shield for 345 gold pieces
 23545 | Depths:2 | Reached skill level 14 in Fighting
 24372 | Depths:2 | Noticed a frost giant
 24393 | Depths:2 | Killed a frost giant
 25086 | Depths:2 | HP: 29/101 [white very ugly thing (26)]
 25680 | Depths:2 | Found Kopruz's Gadget Shop.
 25681 | Depths:2 | Found Muasa's Jewellery Shoppe.
 25682 | Depths:2 | Found Wuuczyto's Gadget Shop.
 25781 | Depths:2 | Reached skill level 5 in Dodging
 26098 | Depths:2 | Noticed a sphinx
 26107 | Depths:2 | Killed a sphinx
 26221 | Depths:2 | Reached XP level 16. HP: 96/107 MP: 26/26
 26432 | Depths:2 | Noticed a greater mummy
 26628 | Depths:2 | Reached skill level 15 in Fighting
 26771 | Depths:2 | Killed a greater mummy
 26791 | Depths:2 | Noticed a greater mummy
 26809 | Depths:2 | Killed a greater mummy
 27025 | Depths:3 | Found a flickering gateway to a bazaar.
 27047 | Bazaar   | Entered a bazaar
 27053 | Bazaar   | Found Jeahubus's Weapon Shop.
 27053 | Bazaar   | Found Dufras's Distillery.
 27075 | Bazaar   | Found Ethinui's Book Shop.
 27106 | Bazaar   | Found Deseheygi's Gadget Boutique.
 27157 | Bazaar   | Bought a wand of paralysis (11) for 130 gold pieces
 27180 | Bazaar   | Bought a potion of flight for 48 gold pieces
 27210 | Depths:3 | Found a one-way gate leading to the halls of Pandemonium.
 28012 | Depths:3 | Paralysed by a vampire knight for 2 turns
 28119 | Depths:3 | HP: 43/108 [fire dragon (2)]
 28125 | Depths:3 | HP: 35/108 [fire dragon/blast of flame (9)]
 28390 | Depths:3 | Found a gateway to a ziggurat.
 28628 | Depths:2 | Got an encrusted quarterstaff {!w}
 28683 | Depths:3 | Noticed a quicksilver dragon
 28691 | Depths:3 | HP: 40/109 [quicksilver dragon (11)]
 28696 | Depths:3 | Killed a quicksilver dragon
 28696 | Depths:3 | Reached skill level 15 in Invocations
 28947 | Depths:3 | Noticed a shadow dragon
 29022 | Depths:3 | Killed a shadow dragon
 29157 | Depths:3 | Noticed a juggernaut
 29160 | Depths:3 | Noticed a caustic shrike
 29167 | Depths:3 | Killed a caustic shrike
 29172 | Depths:3 | Noticed a titan
 29180 | Depths:3 | Killed a juggernaut
 29180 | Depths:3 | Reached skill level 16 in Fighting
 29180 | Depths:3 | Reached XP level 17. HP: 94/115 MP: 22/28
 29663 | Depths:3 | Noticed a caustic shrike
 29726 | Depths:3 | Killed a caustic shrike
 29726 | Depths:3 | Reached skill level 10 in Armour
 29748 | Depths:3 | Killed a titan
 29749 | Depths:3 | Noticed a caustic shrike
 29884 | Depths:3 | Killed a caustic shrike
 30216 | Depths:4 | Paralysed by a great orb of eyes for 6 turns
 30758 | Depths:4 | Gained mutation: You are frail. (-10% HP) [a cacodemon]
 30812 | Depths:4 | Noticed a juggernaut
 30839 | Depths:4 | Reached skill level 17 in Fighting
 30852 | Depths:4 | Killed a juggernaut
 31056 | Depths:4 | Found a one-way gate to the infinite horrors of the Abyss.
 31116 | Depths:4 | Noticed a golden dragon
 31179 | Depths:3 | HP: 25/105 [golden dragon/bolt of fire (28)]
 31180 | Depths:3 | Killed a golden dragon
 31376 | Depths:4 | Got an iridescent morningstar {antimagic, !w}
 31377 | Depths:4 | Identified the +8 morningstar "Edigom" {antimagic, rC+
                  | Dex+3, !w} (You took it off a yaktaur captain on level 4 of
                  | the Depths)
 31515 | Depths:4 | Noticed a sphinx
 31526 | Depths:4 | Killed a sphinx
 31617 | Depths:4 | Reached XP level 18. HP: 64/111 MP: 9/29
 31621 | Depths:4 | HP: 37/111 [vampire knight/sling bullet (20)]
 31850 | Depths:4 | Learned a level 2 spell: Passwall
 31852 | Depths:4 | Noticed a juggernaut
 31869 | Depths:4 | Killed a juggernaut
 31917 | Depths:4 | Reached skill level 18 in Fighting
 32763 | Depths:4 | Noticed a quicksilver dragon
 32782 | Depths:4 | Killed a quicksilver dragon
 32886 | Depths:4 | Noticed a tentacled monstrosity
 32911 | Depths:4 | Killed a tentacled monstrosity
 32918 | Depths:4 | Noticed a juggernaut
 32938 | Depths:4 | Killed a juggernaut
 33071 | Depths:4 | Noticed a tentacled monstrosity
 33096 | Depths:4 | Killed a tentacled monstrosity
 33108 | Depths:4 | Got an ivory quarterstaff {flame, !w}
 33297 | Depths:4 | Noticed a golden dragon
 33308 | Depths:4 | Noticed a golden dragon
 33316 | Depths:4 | Killed a golden dragon
 33323 | Depths:4 | Killed a golden dragon
 33517 | Depths:4 | Noticed a caustic shrike
 33531 | Depths:4 | HP: 40/114 [caustic shrike (10)]
 33532 | Depths:4 | Killed a caustic shrike
 33867 | Depths:4 | Paralysed by a sphinx for 5 turns
 34110 | Depths:3 | Reached skill level 19 in Fighting
 34839 | Depths:4 | Identified the Handbook of Flight and Poison
 35180 | Depths:5 | Entered Level 5 of the Depths
 35257 | Depths:5 | Noticed a lich
 35269 | Depths:4 | Reached skill level 1 in Translocations
 35475 | Depths:4 | HP: 35/115 [frost giant/bolt of cold (15)]
 35477 | Depths:4 | Reached XP level 19. HP: 37/118 MP: 10/30
 35484 | Depths:4 | Reached skill level 1 in Spellcasting
 36054 | D:7      | You fall through a shaft!
 36120 | D:7      | Killed Tutankhamun's ghost
 36192 | D:9      | Found a staircase to the Orcish Mines.
 36357 | D:9      | Found a staircase to the Lair.
 36372 | D:9      | Killed Gastronok
 36467 | D:11     | Killed greentea's ghost
 36641 | D:4      | Bought a lamp of fire for 440 gold pieces
 37030 | Depths:5 | Paralysed by a floating eye for 4 turns
 37605 | Depths:5 | Noticed a tentacled monstrosity
 38056 | Depths:5 | Killed a tentacled monstrosity
 38221 | Depths:5 | Reached skill level 5 in Translocations
 38996 | Depths:5 | Noticed a juggernaut
 39233 | Depths:4 | Killed a juggernaut
 39934 | Depths:5 | Reached skill level 5 in Spellcasting
 39934 | Depths:5 | Reached XP level 20. HP: 122/125 MP: 10/31
 40126 | Depths:5 | HP: 39/125 [purple draconian/bolt of dispelling energy
                  | (29)]
 40334 | Depths:5 | Found a gate to the Realm of Zot.
 40557 | Depths:5 | Noticed a bone dragon
 40568 | Depths:5 | Killed a bone dragon
 40637 | Pan      | Entered Pandemonium
 40703 | Pan      | Noticed a Tzitzimitl
 40730 | Pan      | Reached ****** piety under the Shining One
 40740 | Pan      | Noticed a Tzitzimitl
 40742 | Pan      | Noticed Voelaff the pandemonium lord
 40743 | Pan      | Identified a sacred scourge of holy wrath {god gift} (a
                  | demon whip of venom blessed by the Shining One)
 40743 | Pan      | Received a gift from the Shining One
 40748 | Pan      | HP: 35/125 [reaper/scythe of venom (23)]
 40808 | Pan      | Noticed a Tzitzimitl
 40816 | Pan      | HP: 44/125 [daeva/divine providence (12)]
 40821 | Pan      | HP: 34/125 [Tzitzimitl/bolt of cold (4)]
 40823 | Pan      | Killed a Tzitzimitl
 41093 | Pan      | Noticed a Tzitzimitl
 41108 | Pan      | Killed a Tzitzimitl
 41180 | Pan      | Noticed a Tzitzimitl
 41183 | Pan      | Noticed a Tzitzimitl
 41188 | Pan      | Killed Voelaff the pandemonium lord
 41200 | Pan      | Killed a Tzitzimitl
 41208 | Pan      | HP: 31/125 [Tzitzimitl/bolt of cold (36)]
 41244 | Pan      | HP: 16/125 [Hell Sentinel/damnation (36)]
 41249 | Pan      | HP: 8/187 [Hell Sentinel/damnation (43)]
 41681 | Pan      | Killed a Tzitzimitl
 41995 | Pan      | Noticed a Tzitzimitl
 42014 | Pan      | Killed a Tzitzimitl
 42124 | Pan      | Reached skill level 10 in Translocations
 42158 | Pan      | Got a demonic rune of Zot
 42227 | Pan      | Killed a Tzitzimitl
 42349 | Pan      | Noticed a Tzitzimitl
 42359 | Pan      | Killed a Tzitzimitl
 42366 | Pan      | Noticed a Tzitzimitl
 42379 | Pan      | Killed a Tzitzimitl
 42379 | Pan      | Reached XP level 21. HP: 89/129 MP: 27/32
 42444 | Pan      | Reached skill level 15 in Shields
 42654 | Pan      | Gained mutation: Your magical capacity is low. (-10% MP) [a
                  | neqoxec]
 43101 | Pan      | Noticed Wemuak the pandemonium lord
 43304 | Pan      | Killed Wemuak the pandemonium lord
 43545 | Pan      | Reached skill level 20 in Fighting
 43919 | Pan      | Found an exit through the horrors of the Abyss.
 44273 | Pan      | Noticed Gosaxt the pandemonium lord
 44311 | Pan      | Noticed Mennas
 44314 | Pan      | Found an exit through the horrors of the Abyss.
 44333 | Pan      | Killed Mennas
 44739 | Pan      | Noticed Qafieh the pandemonium lord
 44750 | Pan      | Killed Qafieh the pandemonium lord
 44837 | Pan      | Reached XP level 22. HP: 136/136 MP: 29/31
 45015 | Pan      | Entered the realm of Lom Lobon.
 45015 | Pan      | Noticed Lom Lobon
 45017 | Pan      | Got a magical rune of Zot
 45090 | Pan      | HP: 52/137 [gelid blood saint/fireball (4)]
 45579 | Pan      | Found an exit through the horrors of the Abyss.
 45903 | Pan      | Gained mutation: You are very frail. (-20% HP) [a
                  | cacodemon]
 45908 | Pan      | Noticed Uraaxkir the pandemonium lord
 45927 | Pan      | Killed Uraaxkir the pandemonium lord
 45970 | Pan      | Lost mutation: You are very frail. (-20% HP) [potion of
                  | mutation]
 45970 | Pan      | Lost mutation: Your magical capacity is low. (-10% MP)
                  | [potion of mutation]
 45970 | Pan      | Gained mutation: Your spells are a little easier to cast,
                  | but a little less powerful. [potion of mutation]
 45970 | Pan      | Lost mutation: Your spells are a little easier to cast, but
                  | a little less powerful. [potion of mutation]
 45970 | Pan      | Gained mutation: You have a pair of small horns on your
                  | head. [potion of mutation]
 46317 | Pan      | Reached skill level 15 in Armour
 46725 | Pan      | Noticed Uxeck the pandemonium lord
 46736 | Pan      | HP: 50/137 [smoke demon/divine providence (12)]
 46737 | Pan      | Killed Uxeck the pandemonium lord
 46744 | Pan      | HP: 51/137 [smoke demon/divine providence (13)]
 46810 | Pan      | Found an exit through the horrors of the Abyss.
 47081 | Pan      | Entered the realm of Gloorx Vloq.
 47572 | Pan      | Found an exit through the horrors of the Abyss.
 47652 | Pan      | Reached XP level 23. HP: 143/143 MP: 36/36
 47782 | Pan      | Reached skill level 21 in Fighting
 47812 | Pan      | Noticed Gloorx Vloq
 47830 | Pan      | Killed Gloorx Vloq
 47996 | Pan      | Got a dark rune of Zot
 48121 | Pan      | Entered the realm of Mnoleg.
 48156 | Pan      | Paralysed by a floating eye for 3 turns
 48179 | Pan      | Gained mutation: Scrolls take you a little longer to read.
                  | [a cacodemon]
 48199 | Pan      | Gained mutation: You are clumsy. (Dex -2) [a neqoxec]
 48200 | Pan      | Noticed Mnoleg
 48204 | Pan      | Noticed a golden dragon
 48225 | Pan      | HP: 51/144 [monstrous corrupter (8)]
 48427 | Pan      | Gained mutation: You do not regenerate when monsters are
                  | visible. [Mnoleg's mutagenic touch]
 48431 | Pan      | Killed Mnoleg
 48459 | Pan      | Gained mutation: Scrolls take you longer to read. [a
                  | neqoxec]
 48629 | Pan      | Gained mutation: Your magical capacity is low. (-10% MP) [a
                  | neqoxec]
 48643 | Pan      | Identified Dacuaheq's Compendium of Flames and Hexes
 48739 | Pan      | Got a slimy chain mail
 48744 | Pan      | Reached XP level 24. HP: 149/149 MP: 33/33
 48766 | Pan      | Got a glowing rune of Zot
 48867 | Pan      | Identified the +3 chain mail of Salvation {rF- rN++ Str+2}
                  | (You found it in Pandemonium)
 48894 | Pan      | Entered the realm of Cerebov.
 48921 | Pan      | Identified the Grimoire of Confrontation
 49761 | Pan      | Learned a level 1 spell: Summon Butterflies
 49911 | Pan      | Identified the Volume of the Creative Rocks
 49961 | Pan      | Got a twisted chain mail
 49975 | Pan      | Identified the +1 chain mail "Oqexaots" {rElec rF+} (You
                  | found it in Pandemonium)
 50141 | Pan      | Noticed Cerebov
 50163 | Pan      | HP: 39/151 [Cerebov/great serpentine sword {flame} (25)]
 50166 | Pan      | HP: 18/151 [Cerebov/great blast of fire (24)]
 50170 | Pan      | Killed Cerebov
 50448 | Pan      | Got a fiery rune of Zot
 50449 | Pan      | Lost mutation: Your magical capacity is low. (-10% MP)
                  | [potion of mutation]
 50449 | Pan      | Lost mutation: You are frail. (-10% HP) [potion of
                  | mutation]
 50449 | Pan      | Lost mutation: Scrolls take you longer to read. [potion of
                  | mutation]
 50449 | Pan      | Gained mutation: Your muscles are strong. (Str +2) [potion
                  | of mutation]
 50449 | Pan      | Gained mutation: You occasionally shout uncontrollably at
                  | your foes. [potion of mutation]
 50449 | Pan      | Gained mutation: You are partially covered in iridescent
                  | scales. (AC +2) [potion of mutation]
 50450 | Pan      | Lost mutation: Your muscles are strong. (Str +2) [potion of
                  | mutation]
 50450 | Pan      | Lost mutation: You are clumsy. (Dex -2) [potion of
                  | mutation]
 50450 | Pan      | Lost mutation: You have a pair of small horns on your head.
                  | [potion of mutation]
 50450 | Pan      | Gained mutation: You are frail. (-10% HP) [potion of
                  | mutation]
 50450 | Pan      | Gained mutation: You are occasionally teleported next to
                  | monsters. [potion of mutation]
 50450 | Pan      | Gained mutation: You passively map a small area around you.
                  | [potion of mutation]
 50451 | Pan      | Lost mutation: You are frail. (-10% HP) [potion of
                  | mutation]
 50451 | Pan      | Lost mutation: You passively map a small area around you.
                  | [potion of mutation]
 50451 | Pan      | Lost mutation: You are partially covered in iridescent
                  | scales. (AC +2) [potion of mutation]
 50451 | Pan      | Gained mutation: Your movements are slightly less
                  | encumbered by armour. (ER -2) [potion of mutation]
 50451 | Pan      | Lost mutation: Scrolls take you a little longer to read.
                  | [potion of mutation]
 50451 | Pan      | Gained mutation: You are sometimes teleported next to
                  | monsters. [potion of mutation]
 50451 | Pan      | Gained mutation: You expend magic power (3 MP) to
                  | strengthen your wands. [potion of mutation]
 50452 | Pan      | Lost mutation: You are sometimes teleported next to
                  | monsters. [potion of mutation]
 50452 | Pan      | Lost mutation: You occasionally shout uncontrollably at
                  | your foes. [potion of mutation]
 50452 | Pan      | Lost mutation: You do not regenerate when monsters are
                  | visible. [potion of mutation]
 50452 | Pan      | Gained mutation: Your flesh is cold resistant. (rC+)
                  | [potion of mutation]
 50452 | Pan      | Gained mutation: You are agile. (Dex +2) [potion of
                  | mutation]
 50598 | Pan      | Identified 2 scrolls of acquirement
 50682 | Pan      | Got a pitted large shield
 50688 | Pan      | Identified the +6 large shield of the Neverending Suns
                  | {Regen+ Str+2} (You acquired it in Pandemonium)
 50882 | Pan      | Noticed Cinipla the pandemonium lord
 50889 | Pan      | Killed Cinipla the pandemonium lord
 50889 | Pan      | Reached skill level 22 in Fighting
 51176 | Pan      | Found an exit through the horrors of the Abyss.
 51562 | Pan      | Found an exit through the horrors of the Abyss.
 51683 | Pan      | Noticed Mics the pandemonium lord
 51742 | Pan      | Killed Mics the pandemonium lord
 51742 | Pan      | Reached XP level 25. HP: 127/173 MP: 4/37
 52118 | Pan      | Noticed Quzxiy the pandemonium lord
 52125 | Pan      | Killed Quzxiy the pandemonium lord
 52686 | Pan      | Got a flickering glass ring
 52688 | Pan      | Identified the ring "Wiuretro" {rCorr rN+ MR- SInv} (You
                  | found it in Pandemonium)
 52755 | Pan      | Found an exit through the horrors of the Abyss.
 52816 | Pan      | Found an exit through the horrors of the Abyss.
 52859 | Pan      | Gained mutation: You are dopey. (Int -2) [a neqoxec]
 53266 | Pan      | Found an exit through the horrors of the Abyss.
 53371 | Pan      | Found an exit through the horrors of the Abyss.
 53410 | Pan      | Noticed Xuoj the pandemonium lord
 53425 | Pan      | Killed Xuoj the pandemonium lord
 53550 | Pan      | Found an exit through the horrors of the Abyss.
 53679 | Pan      | Reached skill level 1 in Earth Magic
 53793 | Pan      | Reached skill level 1 in Transmutations
 54032 | Pan      | Gained mutation: Scrolls take you a little longer to read.
                  | [a neqoxec]
 54052 | Pan      | Noticed Lom Lobon
 54073 | Pan      | Killed Lom Lobon
 54073 | Pan      | Reached skill level 5 in Earth Magic
 54183 | Pan      | Noticed Afroaxed the pandemonium lord
 54193 | Pan      | Killed Afroaxed the pandemonium lord
 54234 | Pan      | Reached XP level 26. HP: 152/179 MP: 9/37
 54401 | Pan      | Reached skill level 15 in Evocations
 54760 | Pan      | Found an exit through the horrors of the Abyss.
 54879 | Depths:4 | Escaped Pandemonium
 54978 | Depths:2 | Bought a box of beasts for 300 gold pieces
 54978 | Depths:2 | Bought a box of beasts for 300 gold pieces
 54982 | Depths:2 | Bought a wand of scattershot (5) for 459 gold pieces
 54982 | Depths:2 | Bought a sack of spiders for 340 gold pieces
 54982 | Depths:2 | Bought a sack of spiders for 340 gold pieces
 54982 | Depths:2 | Bought a sack of spiders for 340 gold pieces
 55101 | Zot:1    | Entered Level 1 of the Realm of Zot
 55385 | Zot:5    | Entered Level 5 of the Realm of Zot
 55489 | Zot:5    | Noticed an orb of fire
 55489 | Zot:5    | Noticed an orb of fire
 55489 | Zot:5    | Noticed an orb of fire
 55490 | Zot:5    | Noticed an orb of fire
 55490 | Zot:5    | Noticed an orb of fire
 55490 | Zot:5    | Gained mutation: You occasionally shout uncontrollably at
                  | your foes. [an orb of fire]
 55492 | Zot:5    | Gained mutation: You are very dopey. (Int -4) [an orb of
                  | fire]
 55496 | Zot:5    | Gained mutation: You have sharp toenails. [an orb of fire]
 55500 | Zot:5    | Gained mutation: You are frail. (-10% HP) [an orb of fire]
 55501 | Zot:5    | Lost mutation: Your flesh is cold resistant. (rC+) [an orb
                  | of fire]
 55502 | Zot:5    | Gained mutation: Armour fits poorly on your strangely
                  | shaped body. [an orb of fire]
 55503 | Zot:5    | HP: 55/162 [orb of fire/fireball (15)]
 55505 | Zot:5    | Noticed an ancient lich
 55506 | Zot:5    | HP: 21/162 [orb of fire/bolt of fire (16)]
 55506 | Zot:5    | Gained mutation: You have a pair of small horns on your
                  | head. [an orb of fire]
 55507 | Zot:5    | Gained mutation: Your body sometimes deteriorates upon
                  | taking damage. [an orb of fire]
 55514 | Zot:5    | HP: 17/162 [Orb Guardian (21)]
 55529 | Zot:5    | Lost mutation: Armour fits poorly on your strangely shaped
                  | body. [potion of mutation]
 55529 | Zot:5    | Lost mutation: You are very dopey. (Int -4) [potion of
                  | mutation]
 55529 | Zot:5    | Lost mutation: You occasionally shout uncontrollably at
                  | your foes. [potion of mutation]
 55529 | Zot:5    | Lost mutation: You have a pair of small horns on your head.
                  | [potion of mutation]
 55529 | Zot:5    | Gained mutation: Armour fits poorly on your strangely
                  | shaped body. [potion of mutation]
 55529 | Zot:5    | Lost mutation: You are agile. (Dex +2) [potion of mutation]
 55529 | Zot:5    | Gained mutation: You evolve. [potion of mutation]
 55530 | Zot:5    | Lost mutation: You expend magic power (3 MP) to strengthen
                  | your wands. [potion of mutation]
 55530 | Zot:5    | Lost mutation: Armour fits poorly on your strangely shaped
                  | body. [potion of mutation]
 55530 | Zot:5    | Lost mutation: You have sharp toenails. [potion of
                  | mutation]
 55530 | Zot:5    | Lost mutation: Your body sometimes deteriorates upon taking
                  | damage. [potion of mutation]
 55530 | Zot:5    | Gained mutation: You tend to lose your temper in combat.
                  | [potion of mutation]
 55530 | Zot:5    | Gained mutation: You have an increased reservoir of magic.
                  | (+10% MP) [potion of mutation]
 55613 | Zot:5    | Gained mutation: Potions are less effective at restoring
                  | your health. [an orb of fire]
 55621 | Zot:5    | Killed an orb of fire
 55930 | Zot:1    | Got a smoking granite ring
 55942 | Zot:1    | HP: 54/162 [white draconian annihilator/crystal spear (51)]
 55992 | Zot:1    | HP: 59/162 [white draconian monk (10)]
 56013 | Zot:1    | HP: 43/162 [purple draconian knight/shard of ice (18)]
 56045 | Zot:1    | HP: 68/243 [white draconian/chilling blast (11)]
 56248 | Zot:1    | Reached skill level 23 in Fighting
 56560 | Zot:1    | Identified the ring "Yphu Jiz" {rPois rN+ MR- MP+9 Str+5}
                  | (You found it on level 1 of the Realm of Zot)
 57264 | Zot:3    | Reached XP level 27. HP: 169/169 MP: 41/41
 57334 | Zot:3    | Identified the ring of Pragmatism {rC- MR+ EV+6 Dex+3} (You
                  | found it on level 3 of the Realm of Zot)
 58451 | Zot:4    | Reached skill level 24 in Fighting
 58606 | Zot:4    | Reached skill level 15 in Maces & Flails
 58673 | Zot:4    | HP: 63/171 [red draconian annihilator/crystal spear (33)]
 59177 | Zot:5    | Killed an ancient lich
 59328 | Zot:5    | Gained mutation: You are weak. (Str -2) [an orb of fire]
 59349 | Zot:5    | Killed an orb of fire
 59377 | Zot:5    | Noticed an orb of fire
 59384 | Zot:5    | Killed an orb of fire
 59406 | Zot:5    | Killed an orb of fire
 59620 | Zot:5    | Gained mutation: You are very frail. (-20% HP) [an orb of
                  | fire]
 59628 | Zot:5    | Gained mutation: You are clumsy. (Dex -2) [an orb of fire]
 59629 | Zot:5    | Gained mutation: You are very weak. (Str -4) [an orb of
                  | fire]
 59634 | Zot:5    | Killed an orb of fire
 59634 | Zot:5    | Gained mutation: Your body sometimes deteriorates upon
                  | taking damage. [an orb of fire]
 59636 | Zot:5    | Gained mutation: Scrolls take you longer to read. [an orb
                  | of fire]
 59650 | Zot:5    | Killed an orb of fire
 59669 | Zot:5    | Noticed an ancient lich
 59683 | Zot:5    | Killed an ancient lich
 59810 | Zot:5    | Noticed an orb of fire
 59810 | Zot:5    | Gained mutation: Armour fits poorly on your strangely
                  | shaped body. [an orb of fire]
 59824 | Zot:5    | Killed an orb of fire
 60083 | Zot:5    | Noticed an orb of fire
 60084 | Zot:5    | Gained mutation: You occasionally shout uncontrollably at
                  | your foes. [an orb of fire]
 60094 | Zot:5    | Killed an orb of fire
 60117 | Zot:5    | Noticed an orb of fire
 60122 | Zot:5    | Gained mutation: You are extremely frail. (-30% HP) [an orb
                  | of fire]
 60123 | Zot:5    | Lost mutation: You have an increased reservoir of magic.
                  | (+10% MP) [an orb of fire]
 60126 | Zot:5    | Gained mutation: Your body often deteriorates upon taking
                  | damage. [an orb of fire]
 60127 | Zot:5    | Gained mutation: Your magical capacity is low. (-10% MP)
                  | [an orb of fire]
 60137 | Zot:5    | Killed an orb of fire
 60264 | Zot:5    | Got the Orb of Zot
 60290 | Zot:5    | Noticed Pusun the pandemonium lord
 60309 | Zot:5    | Killed Pusun the pandemonium lord
 60331 | Zot:5    | Noticed an ancient lich
 60339 | Zot:5    | Killed an ancient lich
 60354 | Zot:5    | Noticed Ycipoog the pandemonium lord
 61082 | D:$      | Escaped with the Orb!

Skill      XL: |  1  2  3  4  5  6  7  8  9 10 11 12 13 14 15 16 17 18 19 20 21 22 23 24 25 26 27 |
---------------+----------------------------------------------------------------------------------+-----
Maces & Flails | 4 5 6 7 9 11 12 14 16 | 16.0
Fighting       | 4 5 6 7 8 10 11 12 13 14 16 17 19 20 21 22 23 24 | 24.0
Invocations    | 1 2 3 5 7 8 10 11 12 14 15 17 18 20 21 | 21.0
Armour         | 2 3 4 6 7 8 9 11 12 13 14 15 16 17 18 | 18.6
Evocations     | 5 7 9 10 11 14 15 18 | 18.7
Shields        | 3 6 9 10 11 13 14 15 16 17 18 19 20 | 20.0
Dodging        | 3 5 6 |  6.9
Translocations | 1 7 10 | 10.0
Spellcasting   | 5 |  5.0
Earth Magic    | 7 9 |  9.0
Transmutations | 3 4 |  4.3
Stealth        | |  2.1

Action                   |  1- 3 |  4- 6 |  7- 9 | 10-12 | 13-15 | 16-18 | 19-21 | 22-24 | 25-27 || total
-------------------------+-------+-------+-------+-------+-------+-------+-------+-------+-------++-------
Melee: Mace              |   138 |   131 |       |       |       |       |       |       |       ||   269
       Whip              |       |    49 |       |   652 |  1266 |   862 |       |       |       ||  2829
       Flail             |       |    51 |   347 |       |       |       |       |       |       ||   398
       Dire flail        |       |       |   197 |   455 |       |       |       |       |       ||   652
       Morningstar       |       |       |       |       |       |   438 |   788 |       |   283 ||  1509
       Sacred scourge    |       |       |       |       |       |       |   608 |   858 |  1172 ||  2638
       Headbutt          |       |       |       |       |       |       |       |   135 |     3 ||   138
       Eveningstar       |       |       |       |       |       |       |       |       |   291 ||   291
 Fire: Shortbow          |       |       |       |    76 |       |       |       |       |       ||    76
Throw: Stone             |     3 |       |       |       |       |       |       |       |       ||     3
 Cast: Apportation       |       |       |       |       |       |       |     1 |     4 |       ||     5
       Passwall          |       |       |       |       |       |       |       |       |     4 ||     4
Invok: Divine Shield     |       |     1 |     1 |     3 |     5 |     6 |     2 |     1 |     2 ||    21
       Cleansing Flame   |       |       |       |     5 |    10 |    14 |    13 |    52 |    25 ||   119
       Summon Divine War |       |       |       |     1 |     6 |     5 |    18 |    45 |    33 ||   108
       Brand Weapon With |       |       |       |       |       |       |     1 |       |       ||     1
 Abil: Fly               |       |       |       |       |     1 |       |     1 |       |       ||     2
       Stop Flying       |       |       |       |       |       |     1 |       |       |       ||     1
       Evoke Berserk Rag |       |       |       |       |       |       |     4 |       |       ||     4
Evoke: Wand              |       |       |     4 |    13 |    22 |    57 |    29 |    10 |    35 ||   170
       Sack of spiders   |       |       |       |       |       |     2 |       |       |       ||     2
       Lamp of fire      |       |       |       |       |       |       |     1 |       |     1 ||     2
       Box of beasts     |       |       |       |       |       |       |       |     1 |     2 ||     3
       Fan of gales      |       |       |       |       |       |       |       |       |     1 ||     1
  Use: Scroll            |     4 |     3 |     3 |     7 |    10 |     8 |    12 |    12 |    27 ||    86
       Potion            |       |       |       |     1 |     4 |     1 |     8 |    11 |    27 ||    52
 Stab: Sleeping          |     2 |     1 |       |       |       |       |       |       |       ||     3
  Eat: Chunk             |     3 |     6 |    10 |    27 |    22 |    15 |    12 |     3 |     5 ||   103
       Ration            |       |     2 |     1 |     1 |     3 |     6 |     8 |    11 |    13 ||    45
Armor: Robe              |    14 |       |       |       |       |       |       |       |       ||    14
       Chain mail        |   107 |    94 |       |    40 |    57 |       |       |       |       ||   298
       Ring mail         |       |    34 |   102 |       |       |       |       |       |       ||   136
       Plate armour      |       |       |   163 |   453 |   318 |   393 |       |       |       ||  1327
       Skin              |       |       |       |     1 |       |       |       |       |     3 ||     4
       Crystal plate arm |       |       |       |       |       |    52 |   729 |   453 |   683 ||  1917
       Gold dragon scale |       |       |       |       |       |       |       |    38 |       ||    38
Dodge: Dodged            |    84 |   100 |   262 |   374 |   157 |   171 |   162 |   107 |   298 ||  1715
Block: Other             |       |       |     2 |    15 |       |       |       |       |       ||    17
       Shield            |       |       |       |   276 |   328 |       |       |       |       ||   604
       Large shield      |       |       |       |       |   244 |  1023 |  1249 |   835 |  1731 ||  5082
       Reflection        |       |       |       |       |       |    12 |     1 |       |       ||    13
